 Dungeon Crawl Stone Soup version 0.30-a0-414-gcb316572d5 (webtiles) character file.

Game seed: 10859226841561018284

70870 NinjaNoafa the Fighter (level 14, -2/133 HPs)
             Began as a Minotaur Fighter on Dec 7, 2022.
             Was the Champion of Okawaru.
             Slain by a merfolk
             ... wielding a +0 trident
             ... led by a merfolk javelineer
              (16 damage)
             ... on level 2 of the Shoals on Dec 8, 2022.
             The game lasted 00:49:57 (21495 turns).

NinjaNoafa the Fighter (Minotaur Fighter)          Turns: 21495, Time: 00:49:58

Health: -2/133     AC: 47    Str: 30    XL:     14   Next: 95%
Magic:  32/32      EV: 15    Int:  6    God:    Okawaru [******]
Gold:   1142       SH: 22    Dex: 20    Spells: 13/13 levels left

rFire   + . .      SeeInvis .    s - +11 demon trident "Fajyuj" {venom, rF+ rC+++ Str+4 Int-4}
rCold   + + .      Faith    .    I - +1 tower shield "Zixzol" {+Blink}
rNeg    + . .      Spirit   .    Q - +15 Maxwell's patent armour {-Cast -Tele rElec Will+ rCorr}
rPois   +          Reflect  .    B - +3 hat of Pondering {ponderous, Will+ MP+10 Int+5}
rElec   +          Harm     .    K - +0 cloak
rCorr   +          Rampage  .    D - +2 pair of gloves "Muciuj" {rPois rC- rN+ Dex+4}
Will    +++..      NoTele   +    J - +0 pair of boots
Stlth   .......... NoCast   +    (no amulet)
HPRegen 0.42/turn                w - +6 ring of strength
MPRegen 0.23/turn                c - +4 ring of protection

@: mighty, heroic, very slow
A: horns 2, retaliatory headbutt
a: Renounce Religion, Evoke Blink, Heroism, Finesse, Duel


You were on level 2 of the Shoals.
You worshipped Okawaru.
Okawaru was exalted by your worship.
You visited 5 branches of the dungeon, and saw 20 of its levels.

You collected 1142 gold pieces.

Inventory:

Hand Weapons
 r - the +10 spear of Conservatism {vorpal, rElec rC++}
   (You found it on level 3 of the Dungeon)

   It inflicts extra damage upon your enemies.
   rC:        It greatly protects you from cold.
   rElec:     It insulates you from electricity.
 s - the +11 demon trident "Fajyuj" (weapon) {venom, rF+ rC+++ Str+4 Int-4}
   (Okawaru gifted it to you on level 5 of the Lair of Beasts)

   It poisons the flesh of those it strikes.
   Str:       It affects your strength (+4).
   Int:       It affects your intelligence (-4).
   rF:        It protects you from fire.
   rC:        It renders you almost immune to cold.
Missiles
 g - a throwing net
 o - 5 stones
 q - 53 poisoned darts
 x - 11 atropa-tipped darts
 A - a silver boomerang
 F - 5 boomerangs
 M - 2 curare-tipped darts (quivered)
 O - 3 javelins
 P - 4 datura-tipped darts
Armour
 B - the +3 hat of Pondering (worn) {ponderous, Will+ MP+10 Int+5}
   (You acquired it on level 5 of the Lair of Beasts)

   Int:       It affects your intelligence (+5).
   MP:        It affects your magic capacity (+10).
   Will:      It increases your willpower.
 D - the +2 pair of gloves "Muciuj" (worn) {rPois rC- rN+ Dex+4}
   (You found it on level 5 of the Dungeon)

   Dex:       It affects your dexterity (+4).
   rC:        It makes you vulnerable to cold.
   rPois:     It protects you from poison.
   rN:        It protects you from negative energy.
 I - the +1 tower shield "Zixzol" (worn) {+Blink}
   (Okawaru gifted it to you on level 2 of the Shoals)

   +Blink:    It lets you blink.
 J - a +0 pair of boots (worn)
 K - a +0 cloak (worn)
 Q - the +15 Maxwell's patent armour (worn) {-Cast -Tele rElec Will+ rCorr}
   (You acquired it on level 5 of the Lair of Beasts)

   rElec:     It insulates you from electricity.
   -Cast:     It prevents spellcasting.
   -Tele:     It prevents most forms of teleportation.
   rCorr:     It protects you from acid and corrosion.
   Will:      It increases your willpower.
Jewellery
 c - a +4 ring of protection (right hand)
 p - a ring of poison resistance
 w - a +6 ring of strength (left hand)
Wands
 G - a wand of polymorph (4)
 L - a wand of flame (14)
 N - a wand of paralysis (13)
 R - a wand of roots (4)
 S - a wand of quicksilver (1)
 W - a wand of mindburst (6)
 Z - a wand of digging (7)
Scrolls
 e - a scroll of magic mapping {unknown}
 f - a scroll of silence {unknown}
 h - 2 scrolls of immolation
 j - 3 scrolls of teleportation
 l - a scroll of identify
 u - 5 scrolls of fear
 v - 2 scrolls of vulnerability {unknown}
 H - 4 scrolls of fog
 U - 4 scrolls of poison
 X - a scroll of torment
 Y - a scroll of summoning {unknown}
Potions
 a - 6 potions of curing
 b - 3 potions of mutation {unknown}
 i - a potion of invisibility
 k - 4 potions of berserk rage
 m - a potion of magic
 n - 3 potions of lignification
 t - 5 potions of haste
 z - a potion of attraction
 C - 5 potions of flight
 T - a potion of cancellation
 V - a potion of ambrosia
Miscellaneous
 y - a piece from Xom's chessboard (15/15)


   Skills:
 + Level 14.9(19.9) Fighting
 + Level 13.3(18.3) Polearms
 - Level 6.0(11.0) Throwing
 + Level 13.1(18.1) Armour
 - Level 9.0(14.0) Dodging
 + Level 11.4(16.4) Shields
 - Level 12.0 Invocations
 - Level 5.0 Evocations


You had 13 spell levels left.
You didn't know any spells.
Your spell library contained the following spells:

 Spells                   Type           Power      Damage    Failure   Level
 Kiss of Death            Conj/Necr      0%         2d5       100%        1
 Necrotise                Necr           0%         1d4       100%        1
 Blink                    Tloc           0%         N/A       100%        2
 Scorch                   Fire           0%         2d5       100%        2
 Static Discharge         Conj/Air       0%         2-2/arc   100%        2
 Confusing Touch          Hex            0%         N/A       100%        3
 Gell's Gravitas          Tloc           0%         N/A       100%        3
 Ignite Poison            Fire/Tmut/Pois 0%         N/A       100%        3
 Ozocubu's Armour         Ice            0%         N/A       100%        3
 Teleport Other           Tloc           0%         N/A       100%        3
 Vampiric Draining        Necr           0%         2d6       100%        3
 Vhi's Electric Charge    Tloc/Air       0%         N/A       100%        3
 Airstrike                Air            0%         2d(0-16)  100%        4
 Dispel Undead            Necr           0%         3d6       100%        4
 Flame Wave               Conj/Fire      0%         2d4       100%        4
 Manifold Assault         Tloc           0%         N/A       100%        4
 Sticky Flame             Conj/Fire      0%         2d3       100%        4
 Agony                    Necr           0%         N/A       100%        5
 Arcjolt                  Conj/Air       0%         1d10      100%        5
 Borgnjor's Vile Clutch   Necr/Erth      0%         N/A       100%        5
 Lightning Bolt           Conj/Air       0%         1d11      100%        5
 Metabolic Englaciation   Hex/Ice        0%         N/A       100%        5
 Dispersal                Tloc           0%         N/A       100%        6
 Orb of Destruction       Conj           0%         9d5       100%        7
 Storm Form               Tmut/Air       0%         N/A       100%        7
 Disjunction              Tloc           0%         N/A       100%        8
 Ignition                 Fire           0%         3d3       100%        8
 Summon Guardian Golem    Hex/Summ       Unusable   N/A       N/A         3
 Animate Dead             Necr           Unusable   N/A       N/A         4
 Summon Lightning Spire   Summ/Air       Unusable   N/A       N/A         4
 Death Channel            Necr           Unusable   N/A       N/A         6
 Simulacrum               Ice/Necr       Unusable   N/A       N/A         6
 Summon Cactus Giant      Summ           Unusable   N/A       N/A         6
 Spellforged Servitor     Conj/Summ      Unusable   N/A       N/A         7

Dungeon Overview and Level Annotations

Branches:
Dungeon (11/15)            Temple (1/1) D:5            Lair (5/5) D:8
 Shoals (2/4) Lair:3       Spider (0/4) Lair:2        Slime (0/5) Lair:4
    Orc (1/2) D:11

Altars:
Ashenzari
Cheibriados
Dithmenos
Elyvilon
Fedhas
Gozag
Hepliaklqana
Kikubaaqudgha
Makhleb
Nemelex Xobeh
Okawaru
Qazlal
Ru
Sif Muna
Trog
Uskayaw
Vehumet
Wu Jian
Xom
Yredelemnul
Zin
The Shining One
Jiyva
Lugonu

Shops:
D:2 :   D:11 :

Portals:
Abyss: Lair:5

Annotations:
Shoals:2 2 transporters, exclusion: orange crystal statue


Innate Abilities, Weirdness & Mutations

You have a pair of horns on your head.
You reflexively headbutt those who attack you in melee.


Message History

* * * LOW HITPOINT WARNING * * *
The snapping turtle barely misses you. The water nymph touches you.
* * * LOW HITPOINT WARNING * * *
The water nymph drowns you!
* * * LOW HITPOINT WARNING * * *
The merfolk javelineer hits you but does no damage.
The merfolk hits you from afar with a +0 trident.
* * * LOW HITPOINT WARNING * * *
The merfolk barely misses you.
The merfolk hits you but does no damage.
Okay, then.
Unknown command.
You are too confused!
You feel better.
You feel less invigorated.
You block the centaur warrior's attack. x2
The wind drake bites you but does no damage.
The merfolk hits you but does no damage.
You block the merfolk's attack. You block the snapping turtle's attack.
The water nymph closely misses you.
The merfolk javelineer hits you but does no damage.
The centaur warrior completely misses you.
The centaur warrior kicks you but does no damage.
The merfolk closely misses you. x2; You block the merfolk's attack.
The merfolk misses you.
As you read the scroll of fear, it crumbles to dust.
You assume a fearsome visage.
The centaur warrior looks frightened!
The water nymph resists with almost no effort.
The merfolk looks frightened! x2
The snapping turtle resists with some effort.
The wind drake looks frightened!
The faun looks frightened! x2
The merfolk javelineer looks frightened!
The merfolk resists with some effort. x2; The merfolk easily resists.
The merfolk resists with some effort.
You block the merfolk's attack. x2
The snapping turtle bites you from afar!
* * * LOW HITPOINT WARNING * * *
The water nymph touches you. The water nymph drowns you!
* * * LOW HITPOINT WARNING * * *
The merfolk closely misses you.
The merfolk hits you from afar with a +0 trident!
You die...

≈≈≈≈≈≈≈~~~~~~~~~
≈≈≈≈≈≈≈≈≈≈≈≈≈≈~~~~.~~~~~
≈≈≈≈≈≈≈≈≈≈≈≈≈~~~~...~~~~
≈≈≈≈≈≈≈≈≈≈≈≈~~~~~..~~..~
≈≈≈≈≈~~~~≈≈~~~~~~~.~..~~
≈≈~~~~~~~~~~~~~~~....~~~
≈~~~~~..~~m~~.~~~)##.~~~
~~~.~~~~k~~~~~~~~.##..~~
~~~...~@~t~c≈~).~~....~~
~~....mmcm~~~)~~~.....~~
~~..##.m.m~c~~~~~~~...~~
~.. #m...m.~~~~~~~~..~≈≈
. ...........~~≈~~~~≈≈≈
............~~≈≈≈≈≈≈≈≈
....?.........~~t~~~~~~
........##....~~~~~~~~
... .~P~PP~P~~~


You could see a merfolk javelineer (fleeing), a snapping turtle, a wind drake
(repels missiles, fleeing, poisoned), 6 merfolk, a centaur warrior (fleeing), 2
fauns and a water nymph.

Vanquished Creatures
  Polyphemus (Shoals:2)
  Donald (Shoals:1)
  Louise (Shoals:1)
  An orc warlord (Orc:1)
  2 merfolk impalers (Shoals:2)
  Harold (D:9)
  Erica (Lair:1)
  A catoblepas (Shoals:2)
  4 hydras
  2 centaur warriors
  16 death yaks
  4 thrashing horrors (Lair:5)
  3 sea snakes
  A lindwurm (shapeshifter) (Lair:5)
  An ugly thing (Lair:5)
  3 harpies (Shoals:2)
  2 fauns (Shoals:2)
  3 manticores
  4 merfolk sirens
  7 elephants (Lair:5)
  5 black mambas
  The ghost of DeathPants the Sneak, a novice VSEn of Gozag (D:6)
  2 smoke demons (Lair:5)
  A kobold demonologist (D:10)
  4 rime drakes
  11 cane toads
  An unseen horror (D:11)
  Psyche (D:9)
  7 komodo dragons
  2 ancient zymes (Lair:5)
  A queen bee (D:6)
  A merfolk (shapeshifter) (Lair:5)
  10 merfolk
  5 polar bears
  3 trolls
  Prince Ribbit (D:5)
  4 wind drakes
  12 blink frogs
  A jumping spider (Lair:2)
  2 snapping turtles
  A culicivora (Lair:2)
  Grum (D:9)
  57 yaks
  2 ynoxinuls (Lair:5)
  Eustachio (D:5)
  4 water elementals
  2 wyverns
  10 basilisks
  A chaos spawn (Lair:5)
  A steam dragon (Lair:1)
  A large abomination (Lair:5)
  5 redbacks
  3 vampire mosquitoes (D:10)
  Menkaure (D:7)
  A warg (D:11)
  12 water moccasins
  Duvessa (D:7)
  4 ice beasts
  9 orc warriors
  3 ogres
  19 wolves
  4 centaurs
  A phantom (D:5)
  3 kobold brigands
  8 bullfrogs
  A scorpion (D:7)
  12 wights
  Dowan (D:7)
  16 killer bees
  7 small abominations (Lair:5)
  3 electric eels (D:8)
  4 jellies
  4 howler monkeys
  4 hounds
  4 gnoll boudas
  12 orc priests
  Natasha (thrice) (D:3)
  3 iguanas
  16 orc wizards
  6 adders
  21 gnolls
  3 worms
  A dart slug (D:3)
  47 orcs
  4 ball pythons
  5 bats
  9 endoplasms
  2 giant cockroaches
  8 goblins
  2 hobgoblins
  6 jackals
  21 kobolds
  A quokka (D:3)
  3 frilled lizards
  7 rats
525 creatures vanquished.

Vanquished Creatures (others)
  33 fungi
  57 plants
90 creatures vanquished.

Grand Total: 615 creatures vanquished

Notes
Turn   | Place    | Note
-------+----------+-------------------------------------------
     0 | D:1      | NinjaNoafa the Minotaur Fighter began the quest for the
                  | Orb.
     0 | D:1      | Reached XP level 1. HP: 19/19 MP: 0/0
   111 | D:1      | Reached XP level 2. HP: 26/26 MP: 1/1
   721 | D:2      | Reached XP level 3. HP: 30/31 MP: 2/2
   843 | D:2      | Reached skill level 5 in Polearms
   909 | D:2      | Reached XP level 4. HP: 39/39 MP: 3/3
  1011 | D:2      | Found a bloodstained altar of Trog.
  1143 | D:2      | Found Exiyt's Book Boutique.
  1359 | D:3      | Noticed an ogre
  1442 | D:3      | Found a shimmering altar of Xom.
  1485 | D:3      | Identified the +10 spear of Conservatism {vorpal, rElec
                  | rC++}
  1523 | D:3      | Noticed Natasha
  1528 | D:3      | Killed Natasha
  1636 | D:3      | Killed an ogre
  1637 | D:3      | Reached XP level 5. HP: 28/45 MP: 4/4
  1878 | D:3      | Noticed Natasha
  1883 | D:3      | Killed Natasha
  1950 | D:3      | Noticed Natasha
  1954 | D:3      | Killed Natasha
  2014 | D:3      | Reached XP level 6. HP: 51/51 MP: 5/5
  2167 | D:4      | You fall into a shaft and drop 1 floor!
  2167 | D:5      | Entered Level 5 of the Dungeon
  2951 | D:4      | Found an ancient bone altar of Kikubaaqudgha.
  3162 | D:5      | Found a staircase to the Ecumenical Temple.
  3205 | Temple   | Entered the Ecumenical Temple
  3420 | Temple   | Became a worshipper of Warmaster Okawaru
  3450 | D:5      | Noticed Prince Ribbit
  3466 | D:5      | Killed Prince Ribbit
  3467 | D:5      | Reached XP level 7. HP: 53/57 MP: 6/6
  3542 | D:5      | Noticed Eustachio
  3552 | D:5      | Killed Eustachio
  3553 | D:5      | Reached skill level 10 in Polearms
  3553 | D:5      | Reached skill level 4 in Fighting
  3678 | D:5      | Reached skill level 5 in Fighting
  3681 | D:5      | Reached * piety under Okawaru
  3825 | D:5      | Reached skill level 6 in Fighting
  3887 | D:5      | Reached XP level 8. HP: 71/71 MP: 7/7
  4010 | D:5      | Identified the +2 pair of gloves "Muciuj" {rPois rC- rN+
                  | Dex+4}
  4576 | D:6      | Reached skill level 7 in Fighting
  4591 | D:6      | Found a basalt altar of Yredelemnul.
  4609 | D:6      | Reached skill level 8 in Fighting
  4724 | D:6      | Reached ** piety under Okawaru
  4734 | D:6      | Reached skill level 5 in Armour
  4898 | D:6      | Found a transporter.
  4905 | D:6      | Found a transporter.
  4920 | D:6      | Noticed a queen bee
  5190 | D:6      | Noticed DeathPants's ghost (novice VSEn)
  5345 | D:7      | Reached XP level 9. HP: 71/81 MP: 8/8
  5426 | D:7      | Reached skill level 5 in Shields
  5439 | D:7      | Noticed Dowan
  5440 | D:7      | Noticed Duvessa
  5444 | D:7      | Killed Dowan
  5453 | D:7      | Killed Duvessa
  5460 | D:7      | Reached *** piety under Okawaru
  5724 | D:7      | Noticed Menkaure
  5729 | D:7      | Killed Menkaure
  6413 | D:8      | Found a hide-covered altar of Uskayaw.
  6426 | D:8      | Noticed a troll
  6437 | D:8      | Killed a troll
  6437 | D:8      | Reached **** piety under Okawaru
  6438 | D:8      | Reached skill level 1 in Invocations
  6465 | D:8      | Reached XP level 10. HP: 59/88 MP: 10/10
  6587 | D:8      | Found a staircase to the Lair.
  6860 | D:8      | Found a sparkling altar of Nemelex Xobeh.
  7695 | D:9      | Reached skill level 5 in Invocations
  7945 | D:9      | Found a glowing golden altar of the Shining One.
  7955 | D:9      | Noticed Grum
  7968 | D:9      | Killed Grum
  8076 | D:9      | Noticed Harold
  8088 | D:9      | Killed Harold
  8088 | D:9      | Reached ***** piety under Okawaru
  8297 | D:9      | Found a shadowy altar of Dithmenos.
  8509 | D:9      | Noticed Psyche
  8510 | D:9      | Paralysed by Psyche for 2 turns
  8514 | D:9      | Killed Psyche
  8713 | Lair:1   | Entered Level 1 of the Lair of Beasts
  8714 | Lair:1   | Noticed a black mamba
  8726 | D:8      | Killed a black mamba
  8727 | D:8      | Reached skill level 1 in Evocations
  8740 | Lair:1   | Reached skill level 1 in Throwing
  8908 | Lair:1   | Received a gift from Okawaru
  9010 | Lair:1   | You fall into a shaft and drop 1 floor!
  9054 | Lair:2   | Reached XP level 11. HP: 92/94 MP: 16/16
  9063 | Lair:2   | Noticed a five-headed hydra
  9077 | Lair:2   | Killed a five-headed hydra
  9078 | Lair:2   | Reached skill level 9 in Fighting
  9143 | Lair:2   | Noticed a four-headed hydra
  9151 | Lair:2   | Noticed a death yak
  9167 | Lair:2   | Noticed a death yak
  9177 | Lair:1   | Received a gift from Okawaru
  9179 | Lair:1   | Reached skill level 10 in Fighting
  9188 | Lair:1   | Killed a four-headed hydra
  9512 | Lair:1   | Reached skill level 11 in Fighting
  9523 | Lair:1   | Reached ****** piety under Okawaru
  9601 | Lair:1   | Reached skill level 12 in Fighting
  9607 | Lair:1   | Received a gift from Okawaru
  9953 | Lair:1   | Received a gift from Okawaru
 10032 | Lair:1   | Noticed Erica
 10041 | Lair:1   | Killed Erica
 10042 | Lair:1   | Reached skill level 13 in Fighting
 10371 | Lair:2   | Received a gift from Okawaru
 10443 | Lair:2   | Reached skill level 14 in Fighting
 10443 | Lair:2   | Noticed a death yak
 10585 | Lair:2   | Found a hole to the Spider Nest.
 11035 | Lair:1   | Killed a death yak
 11036 | Lair:1   | Reached skill level 1 in Dodging
 11036 | Lair:1   | Reached XP level 12. HP: 105/117 MP: 17/17
 11036 | Lair:1   | Killed a death yak
 11093 | Lair:1   | Killed a death yak
 11616 | Lair:2   | Identified the +2 war axe "Bestrextu" {spect, rN+}
 11917 | Lair:3   | Noticed a five-headed hydra
 11940 | Lair:2   | Killed a five-headed hydra
 12115 | Lair:3   | Reached skill level 5 in Dodging
 12115 | Lair:3   | Found a staircase to the Shoals.
 12285 | Lair:3   | Reached skill level 10 in Armour
 12600 | Lair:3   | Noticed a seven-headed hydra
 12617 | Lair:3   | Killed a seven-headed hydra
 13122 | Lair:4   | Received a gift from Okawaru
 13249 | Lair:4   | Found a staircase to the Slime Pits.
 13252 | Lair:4   | Found a viscous altar of Jiyva.
 13949 | D:6      | Killed DeathPants's ghost
 14086 | D:10     | Entered Level 10 of the Dungeon
 14108 | D:10     | Identified the +1 ring mail of Okawaru's Approval {Int+2}
                  | (Okawaru gifted it to you on level 10 of the Dungeon)
 14108 | D:10     | Received a gift from Okawaru
 14316 | D:10     | Reached XP level 13. HP: 124/124 MP: 18/18
 14654 | D:10     | Identified a scroll of acquirement
 14799 | D:11     | Found a basalt altar of Yredelemnul.
 15096 | Lair:4   | Reached skill level 10 in Shields
 15356 | Lair:5   | Entered Level 5 of the Lair of Beasts
 15636 | Lair:4   | Reached skill level 5 in Throwing
 16005 | Lair:5   | Received a gift from Okawaru
 16237 | Lair:4   | Reached skill level 5 in Evocations
 16590 | Lair:5   | Found a corrupted altar of Lugonu.
 16600 | Lair:5   | Reached skill level 10 in Invocations
 16930 | Lair:5   | Identified the +11 demon trident "Fajyuj" {venom, rF+ rC+++
                  | Str+4 Int-4} (Okawaru gifted it to you on level 5 of the
                  | Lair of Beasts)
 16930 | Lair:5   | Received a gift from Okawaru
 16994 | Lair:5   | Identified the +12 lajatang of Temn {vorpal, Will+ Str-3
                  | Stlth+}
 17093 | Lair:5   | Reached XP level 14. HP: 132/132 MP: 21/21
 17788 | Lair:5   | Received a gift from Okawaru
 17886 | Lair:5   | Found a one-way gate to the infinite horrors of the Abyss.
 18123 | Lair:5   | Received a gift from Okawaru
 18488 | D:11     | Found a staircase to the Orcish Mines.
 18544 | D:11     | Found Ekiden's Book Boutique.
 18974 | Orc:1    | Entered Level 1 of the Orcish Mines
 18980 | Orc:1    | Noticed an orc warlord
 18997 | Orc:1    | Received a gift from Okawaru
 18998 | Orc:1    | Killed an orc warlord
 19572 | Lair:5   | Acquired the +15 Maxwell's patent armour {-Cast -Tele rElec
                  | Will+ rCorr}
 19572 | Lair:5   | Found the +15 Maxwell's patent armour {-Cast -Tele rElec
                  | Will+ rCorr}
 19587 | Lair:5   | Acquired the +3 hat of Pondering {ponderous, Will+ MP+10
                  | Int+5}
 19587 | Lair:5   | Found the +3 hat of Pondering {ponderous, Will+ MP+10
                  | Int+5}
 19706 | Shoals:1 | Entered Level 1 of the Shoals
 19953 | Shoals:1 | Noticed Donald
 19967 | Shoals:1 | Killed Donald
 20474 | Shoals:1 | Noticed Louise
 20489 | Shoals:1 | Killed Louise
 20794 | Shoals:2 | Found a transporter.
 20994 | Shoals:2 | Found a transporter.
 21035 | Shoals:2 | Identified the +1 tower shield "Zixzol" {+Blink} (Okawaru
                  | gifted it to you on level 2 of the Shoals)
 21035 | Shoals:2 | Received a gift from Okawaru
 21068 | Shoals:2 | Noticed Polyphemus
 21140 | Shoals:2 | Killed Polyphemus
 21495 | Shoals:2 | Slain by a merfolk

Illustrated notes

Levels and vault maps discovered:
D:1:      grunt_arrival_lava_bath, layout_loops_ring,
          chequers_serial_rivers_room_b
D:2:      layout_basic, serial_shops, nicolae_shop_waterfront, basic_altar,
          kennysheep_pointless_box
D:3:      layout_loops_cross, tgw_xom, uniq_natasha
D:4:      layout_loops_corners, kennysheep_mini, serial_glass, glass_columns_a,
          glass_columns_a, glass_columns_b, glass_columns_a, glass_columns_b,
          glass_columns_a, item_on_display_a, due_unseen_surprise,
          feat_on_display, roderic_serpentine_path
D:5:      layout_basic, minmay_temple_entry_glassed_door, uniq_eustachio,
          uniq_prince_ribbit1
D:6:      layout_loops_ring, mainiacjoe_overflow_concentric_impassable,
          gammafunk_ghost_hive
D:7:      layout_loops_ring, uniq_menkaure, uniq_duvessa
D:8:      layout_layer_cave, mainiacjoe_overflow_small_starburst,
          lemuel_crystal_altar, erik_lair_island
D:9:      layout_loops_ring, grunt_dithmenos_smoke, lemuel_doored_altar,
          serial_rivers, chequers_serial_rivers_small_3,
          chequers_serial_rivers_marsh, chequers_serial_rivers_micro_d,
          chequers_serial_rivers_micro_a, uniq_grum, uniq_psyche, uniq_harold
D:10:     layout_loops_ring, minivault_22
D:11:     layout_rooms, orc_0_dummy, enter_trove_1, serial_shops, shop,
          yredelemnul_altar_generic
Temple:   nicolae_temple_bog_church
Lair:1:   layout_loops_ring, uniq_erica
Lair:2:   layout_chaotic_city, nicolae_spider_entry_tight_spaces
Lair:3:   layout_chaotic_city, elwin_shoals_entry_stream
Lair:4:   layout_long_grid, nicolae_slime_entry_slimehenge
Lair:5:   hellmonk_lair_end_abyssal_woods, layout_loops_ring, grunt_megastairs_1
Shoals:1: layout_shoals, uniq_louise, uniq_donald
Shoals:2: gammafunk_sealed_arena, layout_shoals,
          nicolae_shoals_arrival_archipelago, uniq_polyphemus
Orc:1:    layout_caves, basic_altar

Skill      XL: |  1  2  3  4  5  6  7  8  9 10 11 12 13 14 |
---------------+-------------------------------------------+-----
Polearms       | 3 4 5 7 9 10 12 13 | 13.3
Fighting       | 6 8 14 | 14.9
Armour         | 8 12 13 | 13.1
Shields        | 4 8 10 11 | 11.4
Invocations    | 2 8 11 12 | 12.0
Evocations     | 2 5 |  5.0
Throwing       | 4 6 |  6.0
Dodging        | 1 8 9 |  9.0

Action                   |  1- 3 |  4- 6 |  7- 9 | 10-12 | 13-15 || total
-------------------------+-------+-------+-------+-------+-------++-------
Melee: Trident           |    58 |    18 |       |       |       ||    76
       Headbutt          |     6 |    10 |    36 |   113 |   173 ||   338
       Spear             |       |    70 |   265 |   579 |   371 ||  1285
       Demon trident     |       |       |       |       |   353 ||   353
Throw: Dart              |       |     2 |       |    78 |    14 ||    94
       Javelin           |       |       |       |    10 |     4 ||    14
       Boomerang         |       |       |       |     3 |    34 ||    37
       Stone             |       |       |       |     1 |       ||     1
       Throwing net      |       |       |       |       |     2 ||     2
Invok: Heroism           |       |       |       |       |     2 ||     2
       Finesse           |       |       |       |       |     1 ||     1
Evoke: Wand              |       |       |       |     1 |     8 ||     9
  Use: Scroll            |       |       |    12 |     5 |    19 ||    36
       Potion            |       |       |       |     3 |    13 ||    16
 Stab: Held in net/web   |       |       |       |       |     2 ||     2
Armor: Scale mail        |    10 |       |       |       |       ||    10
       Plate armour      |     4 |    16 |    68 |   215 |   451 ||   754
Dodge: Dodged            |    12 |     8 |    35 |   149 |   288 ||   492
Block: Buckler           |     6 |     7 |    32 |    84 |       ||   129
       Kite shield       |       |       |       |   110 |   433 ||   543
       Tower shield      |       |       |       |       |   111 ||   111
       Reflection        |       |       |       |       |     4 ||     4

Table legend: (Time is in decaauts)
 A = Elapsed time spent in this place.
 B = Non-inter-level travel time spent in this place.
 C = Inter-level travel time spent in this place.
 D = Time resting spent in this place.
 E = Time spent auto-exploring this place.
 F = Levels seen in this place.
 G = Mean time per level.
                   A        B        C        D        E       F      G
               +--------+--------+--------+--------+--------+-----+--------+
         Total |  21225 |  18937 |   2288 |    909 |  14606 |  20 | 1061.2 |
       Dungeon |  10659 |   9398 |   1261 |    236 |   7807 |  11 |  969.0 |
        Temple |    243 |    200 |     43 |      0 |    187 |   1 |  243.0 |
          Lair |   8459 |   7613 |    846 |    673 |   5486 |   5 | 1691.8 |
        Shoals |   1810 |   1675 |    135 |      0 |   1125 |   2 |  905.0 |
  Orcish Mines |     51 |     51 |      0 |      0 |      0 |   1 |   51.0 |
               +--------+--------+--------+--------+--------+-----+--------+

Top non-repeatable levels by time:
  Lair:1: 2144 daAuts
  Lair:5: 2120 daAuts
  Lair:4: 1906 daAuts
     D:8: 1735 daAuts
     D:5: 1234 daAuts
  Lair:2: 1157 daAuts
     D:9: 1139 daAuts
  Lair:3: 1129 daAuts
     D:4: 1095 daAuts
Shoals:1: 1057 daAuts
     D:7: 1008 daAuts
     D:6: 816 daAuts
    D:10: 803 daAuts
     D:3: 776 daAuts
Shoals:2: 752 daAuts
